 Dungeon Crawl Stone Soup version 0.31.0-9-g3a7656b989 (webtiles) character file.

Game seed: 15931751468578533167

105 qw the Ducker (level 4, -1/22 HPs)
             Began as a Spriggan Hunter on Feb 3, 2024.
             Slain by an orc wizard
             ... wielding a +0 dagger
              (3 damage)
             ... on level 3 of the Dungeon.
             The game lasted 00:00:25 (1185 turns).

qw the Ducker (Spriggan Hunter)                     Turns: 1185, Time: 00:00:26

Health: -1/22      AC:  2    Str:  7    XL:     4   Next: 54%
Magic:  5/5        EV: 20    Int: 10    God:
Gold:   125        SH:  0    Dex: 20    Spells: 3/3 levels left

rFire   . . .        a - +0 shortbow
rCold   . . .        (shield currently unavailable)
rNeg    . . .        c - +0 robe
rPois   .            (helmet restricted)
rElec   .            (no cloak)
rCorr   .            (gloves unavailable)
SInv    +            (boots unavailable)
Will    .....        (no amulet)
Stlth   ++           (no ring)
HPRegen 0.23/turn    (no ring)
MPRegen 0.09/turn

%: no passive effects
@: very quick
A: very small, no large weapons, unfitting armour, see invisible, speed 3
a: no special abilities


You were on level 3 of the Dungeon.
You visited 1 branch of the dungeon, and saw 3 of its levels.

You collected 125 gold pieces.


Innate Abilities, Weirdness & Mutations

You are very small and have problems with some larger weapons.
You are too small for most types of armour.
You have supernaturally acute eyesight. (SInv)
You cover ground extremely quickly. (Speed+++)


   Skills:
 + Level 1.5 Fighting
 - Level 5.0 Ranged Weapons
 - Level 5.1 Dodging
 - Level 1.5 Stealth


You had 3 spell levels left.
You didn't know any spells.
Your spell library was empty.

Inventory:

Hand Weapons
 a - a +0 shortbow (weapon)
Armour
 c - a +0 robe (worn)
Scrolls
 e - 4 scrolls of teleportation
Potions
 b - a potion of lignification {unknown}
 f - 2 potions of enlightenment
 g - a potion of mutation
 i - a potion of might
 j - a potion of curing {unknown}
 k - a potion of heal wounds {unknown}

Dungeon Overview and Level Annotations

Branches:
Dungeon (3/15)

Altars:

Shops:
D:3 ?


Message History

The orc barely misses you.
You shoot an arrow. The jackal barks!
The arrow hits the orc priest but does no damage.
The orc priest is almost dead.
The orc priest looks satisfied for a moment.
You shoot an arrow. The arrow hits the orc priest.
You kill the orc priest!
The orc closely misses you.
Your Dodging skill increases to level 5!
You shoot an arrow. The arrow hits the orc wizard!
The orc wizard is severely wounded.
A jackal comes into view.
The orc barely misses you. The orc completely misses you.
The orc wizard gestures at you while chanting.
The puff of flame misses you.
You shoot an arrow.
The arrow completely misses the orc wizard.
The jackal barks!
A jackal comes into view.
The orc completely misses you. The orc closely misses you.
The orc wizard hits you with a +0 dagger.
You shoot an arrow. The arrow misses the orc wizard.
The orc closely misses you. The orc wizard completely misses you.
The orc misses you.
You shoot an arrow. The arrow hits the orc wizard.
The orc wizard is severely wounded.
The jackal barely misses you. The orc closely misses you.
The orc wizard barely misses you. The orc closely misses you.
The jackal misses you.
You shoot an arrow.
The arrow closely misses the orc wizard.
An orc comes into view. It is wielding a +0 club.
The orc hits you with a +0 mace.
The orc wizard mumbles some strange words.
The orc wizard flickers and vanishes for a moment.
The orc misses you. The jackal completely misses you.
The orc hits you with a +0 mace.
The orc wizard hits you with a +0 dagger.
You die...

#####...# #. .# #.
##..###..#### #. ... #.
##....###....###.
#..#.##......##.....#..
#.#............#.%....
#.....................
#....................
#....h....#..........
##.@o....##.........
##ooh....##........
#...hh.......#.......
#####.###..#.........
#.# ##..[\....... ...
...###.#..# ##.. ...#
#....# ..o. ... ...


You could see an orc wizard (invisible), 3 orcs and 4 jackals.

Vanquished Creatures
  An orc priest (D:3)
  2 adders (D:2)
  3 dart slugs
  2 ribbon worms (D:2)
  A ball python (D:1)
  6 endoplasms
  4 giant cockroaches
  A goblin (D:1)
  7 hobgoblins
  2 jackals (D:2)
  A quokka (D:2)
  4 bats
  A frilled lizard (D:1)
  6 kobolds
  4 rats
45 creatures vanquished.

Notes
Turn   | Place    | Note
-------+----------+-------------------------------------------
     0 | D:1      | qw the Spriggan Hunter began the quest for the Orb.
     0 | D:1      | Reached XP level 1. HP: 10/10 MP: 2/2
     0 | D:1      | 0 ||| qw: Version: 0.3-a-155-g5e7d8dd
     0 | D:1      | 0 ||| qw: Game counter: 2912
     0 | D:1      | 0 ||| qw: Melee chars always use a shield: true
     0 | D:1      | 0 ||| qw: God list: Okawaru
     0 | D:1      | 0 ||| qw: Allow faded altars: false
     0 | D:1      | 0 ||| qw: Do Orc after clearing Dungeon:15 true
     0 | D:1      | 0 ||| qw: Do second Lair branch before Depths: true
     0 | D:1      | 0 ||| qw: Lair rune preference: random
     0 | D:1      | 0 ||| qw: Goals: Normal
     0 | D:1      | 0 ||| PLANNING D:1-11
    19 | D:1      | Reached skill level 3 in Dodging
   117 | D:1      | Found a faded altar of an unknown god.
   178 | D:1      | Reached XP level 2. HP: 14/14 MP: 3/3
   496 | D:1      | 496 ||| READING 2 scrolls labelled NYIPTO WUUXAGOR.
   496 | D:1      | 496 ||| IDENTIFYING smoky black potion
   497 | D:1      | 497 ||| READING scroll of identify.
   497 | D:1      | 497 ||| IDENTIFYING white potion
   498 | D:1      | 498 ||| READING 4 scrolls labelled KOSAUB DYELOC.
   502 | D:1      | 502 ||| READING scroll labelled NAAMORCH TOPUW.
   503 | D:1      | 503 ||| DROPPING scroll of butterflies.
   588 | D:2      | Reached XP level 3. HP: 18/18 MP: 4/4
   749 | D:2      | Identified the +11 short sword of Tucy Sudo {holy, rElec
                  | Str-5 Int+2 SInv}
   868 | D:2      | Reached XP level 4. HP: 22/22 MP: 5/5
   975 | D:2      | 975 ||| READING scroll of identify.
   975 | D:2      | 975 ||| IDENTIFYING fizzy purple potion
   976 | D:2      | 976 ||| READING scroll labelled FEGHOTW JOFF.
  1018 | D:2      | 1018 ||| READING scroll labelled BEHIEDEWU LUIW.
  1019 | D:2      | 1019 ||| READING scroll labelled UNETRA BUUMM.
  1149 | D:3      | Found Patioj Jace's Magic Scroll Shoppe.
  1185 | D:3      | HP: 4/22 [orc/+0 mace (6)]
  1185 | D:3      | Slain by an orc wizard

Levels and vault maps discovered:
D:1:      dpeg_arrival_rooms_b, layout_rooms,
          shapermc_ecumenical_altar_mp_urbaneastern
D:2:      layout_rooms
D:3:      layout_rooms, serial_shops, shop, minivault_19

Skill      XL: |  1  2  3  4 |
---------------+-------------+-----
Dodging        | 3 4 5 |  5.1
Ranged Weapons | 5 |  5.0
Fighting       | |  1.5
Stealth        | |  1.5

Action                     |  1- 3 |  4- 6 || total
---------------------------+-------+-------++-------
   Fire: Shortbow          |   103 |    28 ||   131
    Use: Scroll            |     4 |     4 ||     8
 Armour: Robe              |     4 |     5 ||     9
  Dodge: Dodged            |    23 |    21 ||    44

Table legend:
 A = Non-vault XP
 B = Vault XP
 C = Vault XP percentage of total XP
 D = Non-vault monster count
 E = Vault monster count
 F = Vault count percentage of total count
                 A         B        C        D         E       F
            +---------+---------+-------+---------+---------+-------
      Total |     151 |       0 |   0.0 |      45 |       0 |   0.0
            +---------+---------+-------+---------+---------+-------
        D:1 |      36 |       0 |   0.0 |      21 |       0 |   0.0
        D:2 |      70 |       0 |   0.0 |      22 |       0 |   0.0
        D:3 |      45 |       0 |   0.0 |       2 |       0 |   0.0
            +---------+---------+-------+---------+---------+-------
